 Dungeon Crawl Stone Soup version 0.22-a0-429-g97ce8ef (webtiles) character file.

1274 Mgcat the Fighter (level 8, 0/71 HPs)
             Began as a Barachi Fighter on May 25, 2018.
             Was an Initiate of Ru.
             Slain by a gnoll sergeant
             ... wielding a +4 spear of flaming
              (12 damage)
             ... on level 7 of the Dungeon.
             The game lasted 00:14:51 (6140 turns).

Mgcat the Fighter (Barachi Fighter)                 Turns: 6140, Time: 00:14:52

Health: 0/71       AC: 12    Str: 26    XL:     8   Next: 53%
Magic:  8/8        EV:  9    Int:  8    God:    Ru [......]
Gold:   477        SH:  4    Dex: 11    Spells: 7/7 levels left

rFire    . . .     SeeInvis .   a - +2 long sword
rCold    . . .     Gourm    .   g - +0 buckler
rNeg     . . .     Faith    .   b - +0 scale mail
rPois    .         Spirit   .   l - +0 helmet
rElec    .         Reflect  .   C - +0 cloak
rCorr    .         Harm     .   F - +0 pair of gloves
MR       .....                  i - +1 pair of boots
Stlth    ..........             (no amulet)
HPRegen  0.21/turn              x - ring of loudness {Stlth-}
MPRegen  0.11/turn              (no ring)

@: mighty, can't hop, slow
A: +LOS, swims, slowness 1, strong legs 1
a: Hop, Renounce Religion


You were on level 7 of the Dungeon.
You worshipped Ru.
Ru was noncommittal.
You were not hungry.

You visited 2 branches of the dungeon, and saw 8 of its levels.

You collected 477 gold pieces.

Inventory:

Hand Weapons
 a - a +2 long sword (weapon)
Missiles
 w - a throwing net {=f, !d}
Armour
 b - a +0 scale mail (worn)
 c - a +0 shield
 g - a +0 buckler (worn)
   (You found it on level 2 of the Dungeon)
 i - a +1 pair of boots (worn)
   (You found it on level 1 of the Dungeon)
 l - a +0 helmet (worn)
   (You found it on level 2 of the Dungeon)
 C - a +0 cloak (worn)
   (You found it on level 5 of the Dungeon)
 F - a +0 pair of gloves (worn)
   (You found it on level 6 of the Dungeon)
Jewellery
 x - a ring of loudness (left hand) {Stlth-}
   (You found it on level 4 of the Dungeon)
Wands
 n - a wand of scattershot (7)
   (You found it on level 2 of the Dungeon)
 z - a wand of iceblast (7)
   (You found it on level 4 of the Dungeon)
Scrolls
 m - 2 scrolls of enchant weapon
 p - 4 scrolls of remove curse
Potions
 d - a potion of might
 e - 2 potions of haste {unknown}
 q - 4 potions of brilliance
 r - 2 potions of curing
 s - 2 potions of mutation {!q}
 t - a potion of flight
 v - a potion of agility {unknown}
 A - a potion of magic {unknown}
Comestibles
 f - 16 rations
 h - 9 chunks of flesh {@w0}


   Skills:
 + Level 9.3 Fighting
 + Level 8.8 Long Blades
 - Level 3.6 Armour
 - Level 3.2 Shields


You had 7 spell levels left.
You didn't know any spells.
Your spell library was empty.

Dungeon Overview and Level Annotations

Branches:
Dungeon (7/15)             Temple (1/1) D:5

Altars:
Ashenzari
Cheibriados
Dithmenos
Elyvilon
Fedhas
Gozag
Hepliaklqana
Kikubaaqudgha
Makhleb
Nemelex Xobeh
Okawaru
Qazlal
Ru
Sif Muna
Trog
Uskayaw
Vehumet
Wu Jian
Xom
Yredelemnul
Zin
The Shining One


Innate Abilities, Weirdness & Mutations

Shadows flee at your approach. (+LOS)
You can swim through water.
You cover ground slowly.
You can hop short distances.


Message History

h - 9 chunks of flesh {@w0} (gained 3)
You see here a giant club. x2
Key pressed, stopping explore.
You open the door.
A gnoll comes into view. It is wielding a whip.
A gnoll is nearby!
The gnoll shouts!
A gnoll comes into view. It is wielding a spear.
A gnoll sergeant comes into view. It is wielding a spear of flaming.
The gnoll sergeant shouts!
The gnoll shouts!
The gnoll throws a throwing net.
The throwing net misses you.
There is an open door here.
A gnoll comes into view. It is wielding a spear.
You close the door.
A gnoll sergeant opens the door.
The gnoll shouts!
The gnoll sergeant hits you but does no damage.
You hit the gnoll but do no damage.
The gnoll throws a throwing net.
The throwing net completely misses you. You block the gnoll's attack.
The gnoll sergeant hits you but does no damage.
You hit the gnoll.
The gnoll is moderately wounded.
The gnoll hits you but does no damage.
The gnoll sergeant hits you from afar with a spear of flaming!
The gnoll sergeant burns you.
You hit the gnoll.
The gnoll is severely wounded.
The gnoll hits you but does no damage. You block the gnoll sergeant's attack.
You closely miss the gnoll.
The gnoll is severely wounded.
You block the gnoll's attack.
The gnoll sergeant hits you from afar with a spear of flaming.
The gnoll sergeant burns you.
You slash the gnoll!
You kill the gnoll!
The gnoll barely misses you.
The gnoll sergeant hits you from afar with a spear of flaming.
The gnoll sergeant burns you.
You slash the gnoll!
The gnoll is heavily wounded.
The gnoll closely misses you.
The gnoll drinks a potion.
The gnoll is healed!
The gnoll sergeant hits you from afar with a spear of flaming.
The gnoll sergeant burns you.
You completely miss the gnoll.
You hear the quick hiss of a distant avalanche of sand.
The gnoll hits you from afar with a spear.
The gnoll hits you with a spear.
You slash the gnoll!
You kill the gnoll!
The gnoll sergeant hits you from afar with a spear of flaming!
* * * LOW HITPOINT WARNING * * *
The gnoll sergeant burns you!
* * * LOW HITPOINT WARNING * * *
The gnoll hits you but does no damage. You block the gnoll sergeant's attack.
You block the gnoll's attack.
The gnoll sergeant hits you with a spear of flaming.
* * * LOW HITPOINT WARNING * * *
The gnoll sergeant burns you.
* * * LOW HITPOINT WARNING * * *
There is an open door, spattered with blood here.
Things that are here:
a spear; a potion of curing; a whip
Okay, then.
You feel much better. You block the gnoll's attack.
The gnoll sergeant hits you but does no damage.
You feel very mighty all of a sudden.
The gnoll hits you from afar with a spear.
The gnoll sergeant hits you with a spear of flaming!
The gnoll sergeant burns you.
* * * LOW HITPOINT WARNING * * *
You barely miss the gnoll sergeant.
The gnoll hits you from afar with a spear.
* * * LOW HITPOINT WARNING * * *
The gnoll sergeant hits you with a spear of flaming!
* * * LOW HITPOINT WARNING * * *
The gnoll sergeant burns you.
* * * LOW HITPOINT WARNING * * *
You feel better. The gnoll hits you but does no damage.
The gnoll sergeant hits you with a spear of flaming.
* * * LOW HITPOINT WARNING * * *
The gnoll sergeant burns you.
* * * LOW HITPOINT WARNING * * *
Okay, then.
Hop to where?
Press: ? - help, Dir - move target cursor Boing!
You feel better. You block the gnoll's attack.
The gnoll sergeant hits you but does no damage.
Okay, then.
Unknown command.
As you read the scroll of enchant weapon, it crumbles to dust.
Your +1 long sword glows red for a moment.
The gnoll hits you but does no damage.
The gnoll sergeant hits you from afar with a spear of flaming!
* * * LOW HITPOINT WARNING * * *
The gnoll sergeant burns you.
* * * LOW HITPOINT WARNING * * *
Okay, then.
You feel better.
The gnoll sergeant hits you from afar with a spear of flaming!
You die...

...........
##.#.#####.
#.# # #.# #
#.# .# #.# .#
# #.. .## .#
###
#####..##..#
#..@.........
#....#.###.##
#gg.........#
#............
#
#.....#.##..
# #.....#..#
# #.....# .#
# #(#)#.# # #
#.#.(.#


You could see a gnoll sergeant and a gnoll.

Vanquished Creatures
  4 ogres
  A centaur (D:5)
  2 bullfrogs
  A scorpion (D:7)
  A howler monkey (D:5)
  2 crimson imps
  A centaur zombie (D:3)
  2 hounds (D:5)
  2 jellies (D:6)
  An orc priest (D:5)
  A bullfrog skeleton (D:5)
  An iguana (D:7)
  4 worker ants
  A hound skeleton (D:4)
  A worker ant zombie (D:6)
  5 gnolls
  5 adders
  A shadow imp (D:7)
  An adder skeleton (D:7)
  2 adder zombies
  A dart slug (D:1)
  5 worms
  A leopard gecko (D:1)
  8 orcs
  A ball python (D:2)
  4 giant cockroaches
  11 goblins
  8 hobgoblins
  4 jackals (D:4)
  12 kobolds
  3 quokkas (D:3)
  11 bats
  4 frilled lizards
  A giant cockroach zombie (D:2)
  A quokka zombie (D:2)
  12 rats
126 creatures vanquished.

Vanquished Creatures (others)
  An orc wizard (D:5)
1 creature vanquished.

Grand Total: 127 creatures vanquished

Notes
Turn   | Place    | Note
-------+----------+-------------------------------------------
     0 | D:1      | Mgcat the Barachi Fighter began the quest for the Orb.
     0 | D:1      | Reached XP level 1. HP: 18/18 MP: 1/1
   103 | D:1      | Reached skill level 4 in Fighting
   103 | D:1      | Reached XP level 2. HP: 20/25 MP: 2/2
   108 | D:1      | Reached skill level 3 in Long Blades
   608 | D:1      | Reached XP level 3. HP: 28/31 MP: 3/3
  1301 | D:2      | Reached XP level 4. HP: 37/38 MP: 4/4
  1392 | D:2      | Found a hazy altar of Hepliaklqana.
  1427 | D:2      | Reached skill level 4 in Long Blades
  1633 | D:2      | Reached skill level 5 in Fighting
  1925 | D:2      | Found a stormy altar of Qazlal.
  2185 | D:3      | Reached XP level 5. HP: 32/44 MP: 5/5
  2368 | D:3      | Reached skill level 5 in Long Blades
  3111 | D:4      | Reached skill level 6 in Fighting
  3111 | D:4      | Reached XP level 6. HP: 50/52 MP: 6/6
  3528 | D:5      | Entered Level 5 of the Dungeon
  3556 | D:5      | Reached skill level 6 in Long Blades
  3596 | D:5      | Reached skill level 7 in Fighting
  3596 | D:5      | Reached XP level 7. HP: 19/60 MP: 7/7
  3951 | D:5      | Found a staircase to the Ecumenical Temple.
  4154 | D:5      | Reached skill level 7 in Long Blades
  4167 | Temple   | Entered the Ecumenical Temple
  4369 | Temple   | Became a worshipper of Ru the Awakened
  4619 | D:6      | HP: 12/61 [worker ant (6)]
  4622 | D:6      | HP: 3/61 [worker ant (3)]
  4623 | D:6      | HP: 1/61 [poisoned by a worker ant]
  4873 | D:6      | Reached skill level 8 in Fighting
  5039 | D:6      | HP: 6/62 [ogre/giant spiked club (21)]
  5048 | D:6      | Reached XP level 8. HP: 9/69 MP: 8/8
  5614 | D:7      | Reached skill level 8 in Long Blades
  5998 | D:7      | Reached skill level 9 in Fighting
  6127 | D:7      | HP: 14/71 [gnoll sergeant/spear of flaming (7)]
  6132 | D:7      | HP: 15/71 [gnoll sergeant/spear of flaming (5)]
  6137 | D:7      | HP: 7/71 [gnoll sergeant/spear of flaming (13)]
  6140 | D:7      | Slain by a gnoll sergeant

Vault maps used:
D:1:      minmay_arrival_jagged, minivault_27, kennysheep_doodads,
          minmay_pentomino_r2
D:2:      nicolae_overflow_hidden_temple, serial_undead, serial_undead_c,
          serial_undead_b, serial_undead_a, serial_undead_b, serial_undead_d,
          nicolae_qazlal_eye_of_the_storm
D:5:      temple_pool_b, first_ration
D:6:      st_stairs_13
D:7:      nicolae_ossuary_entry_plus
Temple:   kilobyte_greek_temple

Skill      XL: |  1  2  3  4  5  6  7  8 |
---------------+-------------------------+-----
Fighting       | 4 5 6 7 8 9 |  9.3
Long Blades    | 3 4 5 6 7 8 |  8.8
Armour         | |  3.6
Shields        | |  3.2

Action                   |  1- 3 |  4- 6 |  7- 9 || total
-------------------------+-------+-------+-------++-------
Melee: Long sword        |   114 |   247 |   160 ||   521
 Abil: Hop               |       |       |     4 ||     4
Evoke: Wand              |       |       |     1 ||     1
  Use: Potion            |       |       |     7 ||     7
       Scroll            |       |       |    14 ||    14
  Eat: Chunk             |       |    11 |     9 ||    20
Armor: Scale mail        |    64 |   129 |    69 ||   262
Dodge: Dodged            |    39 |   109 |    60 ||   208
Block: Shield            |    69 |       |       ||    69
       Buckler           |       |    55 |    22 ||    77
       Rpst.: Long sword |    16 |    43 |    18 ||    77

Table legend:
 A = Spawn XP
 B = Non-spawn XP
 C = Spawn XP percentage of total XP
 D = Spawn monster count
 E = Non-spawn monster count
 F = Spawn count percentage of total count
 G = Total turns spent on level
                    A         B        C        D         E        F      G
               +---------+---------+-------+---------+---------+-------+---------
         Total |       0 |    1820 |   0.0 |       0 |     126 |   0.0 |  6140
               +---------+---------+-------+---------+---------+-------+---------
           D:1 |       0 |      40 |   0.0 |       0 |      27 |   0.0 |  1238
           D:2 |       0 |      89 |   0.0 |       0 |      25 |   0.0 |   821
           D:3 |       0 |     155 |   0.0 |       0 |      33 |   0.0 |   765
           D:4 |       0 |      77 |   0.0 |       0 |       8 |   0.0 |   704
           D:5 |       0 |     505 |   0.0 |       0 |      11 |   0.0 |   974
           D:6 |       0 |     431 |   0.0 |       0 |      10 |   0.0 |  1065
           D:7 |       0 |     523 |   0.0 |       0 |      12 |   0.0 |   338
               +---------+---------+-------+---------+---------+-------+---------

Vault maps used:
D:1:      minmay_arrival_jagged, minivault_27, kennysheep_doodads,
          minmay_pentomino_r2
D:2:      nicolae_overflow_hidden_temple, serial_undead, serial_undead_c,
          serial_undead_b, serial_undead_a, serial_undead_b, serial_undead_d,
          nicolae_qazlal_eye_of_the_storm
D:5:      temple_pool_b, first_ration
D:6:      st_stairs_13
D:7:      nicolae_ossuary_entry_plus
Temple:   kilobyte_greek_temple

Table legend:
 A = Turns spent in this place as a percentage of turns spent in the entire game.
 B = Non-inter-level travel turns spent in this place as a percentage of non-inter-level travel turns spent in the entire game.
 C = Inter-level travel turns spent in this place as a percentage of turns spent in this place.
 D = Turns resting spent in this place as a percentage of non-inter-level travel turns spent in this place.
 E = Turns spent auto-exploring this place as a percentage of non-inter-level travel turns spent in this place.
 F = Non-inter-level travel turns spent in this place divided by the number of levels of this place that you've seen.
                   A       B       C       D       E      F
               +-------+-------+-------+-------+-------+----------------------
         Total | 100.0 | 100.0 |   4.7 |   4.4 |  77.1 | 731.8
       Dungeon |  96.2 |  97.3 |   3.5 |   4.5 |  76.6 | 813.7
        Temple |   3.8 |   2.7 |  32.8 |   0.0 |  94.9 | 158.0
               +-------+-------+-------+-------+-------+----------------------

Table legend:
 A = Kills in this place as a percentage of kills in entire the game.
 B = Kills by you in this place as a percentage of kills by you in the entire game.
 C = Kills by friends in this place as a percentage of kills by friends in the entire game.
 D = Other kills in this place as a percentage of other kills in the entire game.
 E = Experience gained in this place as a percentage of experience gained in the entire game.
 F = Experience gained in this place divided by the number of levels of this place that you have seen.
                   A       B       C       D       E      F
               +-------+-------+-------+-------+-------+----------------------
         Total | 100.0 | 100.0 |   N/A |   N/A | 100.0 | 227.5
       Dungeon | 100.0 | 100.0 |   N/A |   N/A | 100.0 | 260.0
               +-------+-------+-------+-------+-------+----------------------
